 Dungeon Crawl Stone Soup version 0.30-a0-883-g5ad918d77d (webtiles) character file.

Game seed: 6253318505787687356

635 CrazyBamboolord the Insei (level 7, 0/52 HPs)
             Began as a Merfolk Transmuter on Mar 17, 2023.
             Slain by a sleepcap (3 damage)
             ... on level 4 of the Dungeon.
             The game lasted 00:07:56 (3599 turns).

CrazyBamboolord the Insei (Merfolk Transmuter)      Turns: 3599, Time: 00:07:57

Health: 0/52       AC:  2    Str: 10    XL:     7   Next: 50%
Magic:  12/12      EV: 13    Int: 15    God:
Gold:   729        SH:  0    Dex: 14    Spells: 3/13 levels left

rFire   . . .      SeeInvis .      - Unarmed
rCold   . . .      Faith    .    (no shield)
rNeg    . . .      Spirit   .    a - +0 robe
rPois   .          Reflect  .    t - melded +0 helmet
rElec   .          Rampage  .    (no cloak)
rCorr   .                        (no gloves)
Will    .....                    p - melded +2 pair of boots
Stlth   ++                       i - amulet of magic regeneration
HPRegen 0.28/turn                h - ring of flight
MPRegen 0.53/turn                (no ring)

@: appendages, flying
A: horns 2, (nimble swimmer 2), mertail
a: End Transformation


You were on level 4 of the Dungeon.
You had temporarily grown beastly horns.
You visited 1 branch of the dungeon, and saw 4 of its levels.
You also visited: Sewer.

You collected 729 gold pieces.

Inventory:

Armour
 a - a +0 robe (worn)
 p - a +2 pair of boots (melded)
 t - a +0 helmet (melded)
Jewellery
 h - a ring of flight (left hand)
 i - an amulet of magic regeneration (around neck)
Scrolls
 c - a scroll of immolation
 f - a scroll of identify
 n - a scroll of enchant armour
Potions
 b - 2 potions of flight
 d - 2 potions of magic
 e - a potion of cancellation {unknown}
 l - a potion of might {unknown}
 q - 2 potions of heal wounds
 v - a potion of resistance {unknown}
 w - a potion of haste {unknown}


   Skills:
 * Level 3.0 Fighting
 * Level 4.0 Dodging
 + Level 0.8 Stealth
 * Level 5.6 Unarmed Combat
 * Level 3.7 Spellcasting
 * Level 4.4 Transmutations
 * Level 1.5 Ice Magic
 * Level 2.4 Poison Magic


You had 3 spell levels left.
You knew the following spells:

 Your Spells              Type           Power      Damage    Failure   Level
a - Beastly Appendage     Tmut           32%        N/A       3%          1
b - Wereblood             Tmut           16%        N/A       4%          2
c - Spider Form           Tmut/Pois      13%        N/A       14%         3
d - Ice Form              Ice/Tmut       11%        N/A       47%         4

Your spell library contained the following spells:

 Spells                   Type           Power      Damage    Failure   Level
 Ignite Poison            Fire/Tmut/Pois 9%         N/A       22%         3
 Kindle Blastsparks       Fire/Tloc/Air  4%         2d10      50%         3
 Anguish                  Hex/Necr       1%         N/A       88%         4
 Freezing Cloud           Conj/Ice/Air   2%         6-21      99%         5
 Enfeeble                 Hex            1%         N/A       100%        7


Dungeon Overview and Level Annotations

Branches:
Dungeon (4/15)              Sewer (visited)
 Temple: D:4-7

Altars:

Shops:
D:3 *


Innate Abilities, Weirdness & Mutations

You have temporarily grown beastly horns.
((You are very nimble when in or above water. (Stealth+, EV+, Speed+++)))
Your lower body shifts to a powerful aquatic tail in water.


Message History

Okay, then.
It was a potion of magic.
Magic courses through your body. The sleepcap closely misses you.
You hit the sleepcap.
The sleepcap is heavily damaged.
The sleepcap releases spores at you.
You are engulfed in a cloud of soporific spores!
You fall asleep.
The sleepcap releases spores at you.
You wake up.
Unknown command.
Casting: Beastly Appendage (safe; 3% risk of failure)
Press: ? - help, Q - select action, (/) - cycle Dir - look around, f - activate You grow a pair of large bovine horns.
Your +0 helmet melds into your body.
Your +2 pair of boots melds into your body.
The sleepcap misses you.
Unknown command.
You hit the sleepcap but do no damage. You headbutt the sleepcap.
The sleepcap is severely damaged.
The sleepcap releases spores at you but does no damage.
You hit the sleepcap but do no damage.
You headbutt the sleepcap, but do no damage.
The sleepcap is severely damaged.
The sleepcap closely misses you.
You hit the sleepcap.
The sleepcap is severely damaged.
The sleepcap closely misses you.
You hit the sleepcap but do no damage. You headbutt the sleepcap.
The sleepcap is almost destroyed.
You hit the sleepcap but do no damage.
The sleepcap is almost destroyed.
The sleepcap releases spores at you!
* * * LOW HITPOINT WARNING * * *
You are engulfed in a cloud of soporific spores!
You fall asleep.
The sleepcap releases spores at you!
You wake up.
* * * LOW HITPOINT WARNING * * *
You hit the sleepcap.
The sleepcap is almost destroyed.
The sleepcap releases spores at you.
You die...

#.....##..####.
######.#.
#.#...#.....
#.## #
###.##.##.# #..#
#.# .. .# ##.#
#.# ## # #.# #.#
#.# #### #.#
+@.# ...####.#
##f#####
#........
#.....#
#.......#
##....#
#.......# #....#
#........
#....###.###.###
##........# #.
#....###### #.
####....#### ..


You could see a sleepcap.

Vanquished Creatures
  A water moccasin (D:4)
  A centaur (D:3)
  A kobold brigand (Sewer)
  2 scorpions (D:4)
  A howler monkey (D:4)
  A hound (D:4)
  A jelly (D:4)
  2 iguanas (D:4)
  4 adders
  A river rat (Sewer)
  3 worms
  2 dart slugs
  3 orcs (D:4)
  4 bats
  8 endoplasms
  A giant cockroach (D:1)
  3 goblins
  6 hobgoblins
  3 jackals (D:3)
  12 kobolds
  5 quokkas
  3 ball pythons
  8 rats
76 creatures vanquished.

Notes
Turn   | Place    | Note
-------+----------+-------------------------------------------
     0 | D:1      | CrazyBamboolord the Merfolk Transmuter began the quest for
                  | the Orb.
     0 | D:1      | Reached XP level 1. HP: 15/15 MP: 3/3
   156 | D:1      | Reached XP level 2. HP: 21/21 MP: 3/5
   297 | D:1      | Found a faded altar of an unknown god.
   717 | D:2      | Reached XP level 3. HP: 26/26 MP: 4/6
   720 | D:2      | Learned a level 2 spell: Wereblood
   724 | D:2      | Learned a level 3 spell: Spider Form
  1437 | D:3      | Found Faoqai's General Store.
  1495 | D:3      | Reached skill level 4 in Unarmed Combat
  1495 | D:3      | Reached XP level 4. HP: 33/33 MP: 6/8
  1778 | D:3      | Noticed a centaur
  1790 | D:3      | Killed a centaur
  1791 | D:3      | Reached XP level 5. HP: 29/38 MP: 9/9
  2382 | D:4      | Learned a level 4 spell: Ice Form
  2419 | D:4      | Identified a scroll of acquirement
  2419 | D:4      | Acquired 573 gold pieces
  2444 | D:4      | Reached skill level 1 in Poison Magic
  2459 | D:4      | Reached XP level 6. HP: 11/44 MP: 10/10
  2682 | D:4      | Reached skill level 5 in Unarmed Combat
  2774 | D:4      | Found a glowing drain.
  2783 | Sewer    | Entered a sewer
  2934 | Sewer    | Reached skill level 1 in Ice Magic
  2934 | Sewer    | Reached XP level 7. HP: 39/51 MP: 12/12
  2966 | Sewer    | Found a white marble altar of Elyvilon.
  3520 | D:4      | HP: 2/51 [water moccasin (5)]
  3599 | D:4      | Slain by a sleepcap

Illustrated notes

Levels and vault maps discovered:
D:1:      dpeg_arrival_simpleton_b, layout_rooms, basic_ecumenical_altar
D:2:      layout_loops_corners
D:3:      layout_basic, serial_shops, shop
D:4:      layout_basic, cheibrodos_sewer_entry_bend, uniq_eustachio

Skill      XL: |  1  2  3  4  5  6  7 |
---------------+----------------------+-----
Transmutations | 3 4 |  4.4
Dodging        | 3 4 |  4.0
Unarmed Combat | 4 5 |  5.6
Fighting       | 2 3 |  3.0
Spellcasting   | 3 |  3.7
Poison Magic   | 1 2 |  2.4
Ice Magic      | 1 |  1.5
Stealth        | |  0.8

Action                     |  1- 3 |  4- 6 |  7- 9 || total
---------------------------+-------+-------+-------++-------
  Melee: Unarmed           |    82 |   100 |    93 ||   275
         Headbutt          |    17 |    16 |     5 ||    38
         Punch             |     1 |     4 |     1 ||     6
   Cast: Beastly Appendage |    21 |    16 |     6 ||    43
Ability: End Transformatio |       |       |     1 ||     1
    Use: Scroll            |     2 |    11 |       ||    13
         Potion            |       |     3 |     5 ||     8
   Stab: Sleeping          |       |     1 |     1 ||     2
 Armour: Robe              |    11 |    11 |    15 ||    37
         Skin              |       |     1 |       ||     1
  Dodge: Dodged            |    53 |    86 |    56 ||   195

Table legend: (Time is in decaauts)
 A = Elapsed time spent in this place.
 B = Non-inter-level travel time spent in this place.
 C = Inter-level travel time spent in this place.
 D = Time resting spent in this place.
 E = Time spent auto-exploring this place.
 F = Levels seen in this place.
 G = Mean time per level.
                   A        B        C        D        E       F      G
               +--------+--------+--------+--------+--------+-----+--------+
         Total |   3540 |   3398 |    142 |    346 |   2329 |   5 |  708.0 |
       Dungeon |   3271 |   3129 |    142 |    267 |   2208 |   4 |  817.8 |
         Sewer |    268 |    268 |      0 |     79 |    121 |   1 |  268.0 |
               +--------+--------+--------+--------+--------+-----+--------+

Top non-repeatable levels by time:
     D:3: 1100 daAuts
     D:2: 868 daAuts
     D:4: 763 daAuts
     D:1: 539 daAuts
   Sewer: 268 daAuts
